 Dungeon Crawl Stone Soup version 0.29-a0-559-g359e09b9d1 (webtiles) character file.

Game seed: 9903370852610789525

531 Hubjo the Changer (level 7, 0/52 HPs)
             Began as a Demonspawn Transmuter on June 9, 2022.
             Was an Initiate of Makhleb.
             Slain by an orc wizard
             ... wielding a +0 dagger
              (4 damage)
             ... on level 4 of the Dungeon.
             The game lasted 00:07:33 (4981 turns).

Hubjo the Changer (Demonspawn Transmuter)           Turns: 4981, Time: 00:07:34

Health: 0/52       AC:  2    Str: 11    XL:     7   Next: 3%
Magic:  11/11      EV: 12    Int: 16    God:    Makhleb [......]
Gold:   153        SH:  0    Dex: 15    Spells: 7/12 levels left

rFire   . . .      SeeInvis .     - Unarmed
rCold   . . .      Faith    .   (no shield)
rNeg    . . .      Spirit   .   a - +0 robe
rPois   .          Reflect  .   (no helmet)
rElec   .          Harm     .   (no cloak)
rCorr   .          Rampage  .   (no gloves)
Will    .....                   (no boots)
Stlth   ++........              (no amulet)
HPRegen 0.17/turn               (no ring)
MPRegen 0.12/turn               (no ring)

@: no status effects
A: powered by death 1, big brain 1, demonic magic 2, mutation resistance 1
a: Renounce Religion


You were on level 4 of the Dungeon.
You worshipped Makhleb.
Makhleb was noncommittal.
You visited 2 branches of the dungeon, and saw 5 of its levels.
You also visited: Ossuary.

You collected 153 gold pieces.

Inventory:

Armour
 a - a +0 robe (worn)
 n - the +3 ring mail of Dishonesty {rCorr Str+7}
   (You found it on level 3 of the Dungeon)

   Str:       It affects your strength (+7).
   rCorr:     It protects you from acid and corrosion.
Scrolls
 d - 4 scrolls of noise
 e - 2 scrolls of fog
 f - 2 scrolls of enchant armour
 g - 3 scrolls of teleportation
 i - a scroll of magic mapping {unknown}
 l - a scroll of enchant weapon {unknown}
 o - 2 scrolls of immolation {unknown}
 r - a scroll of poison {unknown}
 t - a scroll of amnesia {unknown}
Potions
 b - a potion of might {unknown}
 c - 2 potions of flight
 h - a potion of brilliance {unknown}
 j - 2 potions of attraction {unknown}
 m - a potion of magic
 p - 3 potions of curing
 q - a potion of degeneration {unknown}
 s - a potion of haste {unknown}


   Skills:
 + Level 3.4 Fighting
 - Level 1.7 Dodging
 + Level 2.5 Stealth
 + Level 3.7 Unarmed Combat
 + Level 3.2 Spellcasting
 * Level 3.7 Transmutations
 + Level 1.6 Ice Magic


You had 7 spell levels left.
You knew the following spells:

 Your Spells              Type           Power      Damage    Failure   Level
a - Beastly Appendage     Tmut           28%        N/A       3%          1
b - Ice Form              Ice/Tmut       11%        N/A       52%         4

Your spell library contained the following spells:

 Spells                   Type           Power      Damage    Failure   Level
 Wereblood                Tmut           14%        N/A       6%          2
 Spider Form              Tmut/Pois      8%         N/A       26%         3
 Static Discharge         Conj/Air       2%         N/A       28%         2
 Summon Guardian Golem    Hex/Summ       2%         N/A       50%         3
 Dispel Undead            Necr           2%         3d7       88%         4
 Sticky Flame             Conj/Fire      2%         2d3       88%         4
 Orb of Destruction       Conj           1%         9d5       100%        7
 Spellforged Servitor     Conj/Summ      1%         N/A       100%        7


Dungeon Overview and Level Annotations

Branches:
Dungeon (4/15)             Temple (1/1) D:4         Ossuary (visited)

Altars:
Ashenzari
Cheibriados
Gozag
Hepliaklqana
Makhleb
Nemelex Xobeh
Ru
The Shining One


Innate Abilities, Weirdness & Mutations

You regenerate a little health from kills.
You have an unusually large brain. (Int +2)
Spells you cast may paralyse nearby enemies.
You are somewhat resistant to further mutation.


Message History

* * * LOW HITPOINT WARNING * * *
The dart slug launches a dart at you. The slug dart misses you.
The slug dart hits the ball python.
The ball python dies!
You hit the dart slug.
You kill the dart slug!
Makhleb accepts your kill. The giant cockroach closely misses you.
You completely miss the giant cockroach.
You claw the giant cockroach.
Your headbutt misses the giant cockroach.
The giant cockroach is severely wounded.
The orc wizard points at you and mumbles some strange words.
You resist with some effort. The giant cockroach closely misses you.
The giant cockroach attacks as you move away!
The giant cockroach barely misses you.
You barely miss the orc wizard. You claw the orc wizard.
The orc wizard is lightly wounded.
The orc wizard gestures at you while chanting.
You are confused.
You bump into the rock wall.
The orc wizard closely misses you.
You miss the orc wizard. Your kick misses the orc wizard.
The orc wizard is lightly wounded.
Your horns disappear.
Your talons disappear.
Found a potion of heal wounds.
The orc wizard hits you with a +0 dagger.
* * * LOW HITPOINT WARNING * * *
You are too confused!
You're too confused to move!
The orc wizard points at you and mumbles some strange words.
The puff of flame hits you!
* * * LOW HITPOINT WARNING * * *
The giant cockroach barely misses you.
You bump into the rock wall.
You feel less confused. The orc closely misses you.
The orc wizard closely misses you.
The giant cockroach bites you but does no damage.
The orc wizard attacks as you move away!
The orc wizard hits you with a +0 dagger.
You die...

### ######....
##...........
##.#######............
#....@o##............. #
#.....#Boo†............
##
#.....!###†.............
.# .......
###............ .##
....... #............
..# .......
#............ ###
#.....# ##........... #
###.## #........... #
##..........


You could see an orc wizard, 2 orcs and a giant cockroach.

Vanquished Creatures
  A wraith (Ossuary)
  A phantom (D:4)
  3 orc priests (D:3)
  An iguana (D:4)
  A mummy (Ossuary)
  4 gnolls (D:2)
  4 adders
  3 dart slugs
  10 orcs
  8 endoplasms
  5 giant cockroaches
  7 hobgoblins
  3 kobolds
  A quokka (D:3)
  5 ball pythons
  2 bats
  6 frilled lizards
  6 gnoll skeletons (Ossuary)
  7 goblins
  2 kobold skeletons (Ossuary)
  17 orc skeletons (Ossuary)
  3 rats
100 creatures vanquished.

Vanquished Creatures (others)
  A ghoul (D:1)
  A minotaur (D:1)
  A demonspawn (D:1)
  A vine stalker (D:1)
  An elf (D:1)
  3 merfolk (D:1)
  A vampire (D:1)
  An ogre (D:1)
  A mummy (D:1)
  A gnoll (D:1)
  2 orcs (D:1)
  A ball python (D:4)
  A kobold (D:1)
  7 tentacles (D:1)
23 creatures vanquished.

Grand Total: 123 creatures vanquished

Notes
Turn   | Place    | Note
-------+----------+-------------------------------------------
     0 | D:1      | Hubjo the Demonspawn Transmuter began the quest for the
                  | Orb.
     0 | D:1      | Reached XP level 1. HP: 15/15 MP: 3/3
     5 | D:1      | Noticed a merfolk
     5 | D:1      | Noticed a vine stalker
     5 | D:1      | Noticed a ghoul
     5 | D:1      | Noticed a kraken
     5 | D:1      | Noticed a vampire
     5 | D:1      | Noticed a merfolk
     5 | D:1      | Noticed a demonspawn
     5 | D:1      | Noticed an ogre
     5 | D:1      | Noticed a merfolk
     5 | D:1      | Noticed an elf
     5 | D:1      | Noticed a minotaur
     6 | D:1      | Killed a vine stalker
     6 | D:1      | Killed an elf
     8 | D:1      | Killed an ogre
    10 | D:1      | Killed a merfolk
    11 | D:1      | Killed a merfolk
    12 | D:1      | Killed a minotaur
    14 | D:1      | Killed a merfolk
    17 | D:1      | Killed a ghoul
    18 | D:1      | Killed a demonspawn
    19 | D:1      | Killed a vampire
   537 | D:1      | Gained mutation: Spells you cast may paralyse adjacent
                  | enemies. [demonic ancestry]
   537 | D:1      | Reached XP level 2. HP: 17/21 MP: 3/5
  1201 | D:2      | Gained mutation: You regenerate a little health from kills.
                  | [demonic ancestry]
  1201 | D:2      | Reached XP level 3. HP: 10/27 MP: 6/6
  1417 | D:2      | Reached skill level 1 in Stealth
  1537 | D:2      | Gained mutation: You have sharp fingernails. [potion of
                  | mutation]
  1551 | D:2      | Gained mutation: Spells you cast may paralyse nearby
                  | enemies. [demonic ancestry]
  1551 | D:2      | Reached XP level 4. HP: 14/34 MP: 7/7
  1974 | D:2      | Lost mutation: You have sharp fingernails. [potion of
                  | mutation]
  1974 | D:2      | Gained mutation: Your body sometimes deteriorates upon
                  | taking damage. [potion of mutation]
  1974 | D:2      | Lost mutation: Your body sometimes deteriorates upon taking
                  | damage. [potion of mutation]
  2412 | D:2      | Learned a level 4 spell: Ice Form
  2521 | D:3      | Reached XP level 5. HP: 23/39 MP: 6/8
  3030 | D:3      | Found an opulent altar of Gozag.
  3031 | D:3      | Found a snail-covered altar of Cheibriados.
  3394 | D:3      | Identified the +3 ring mail of Dishonesty {rCorr Str+7}
  3559 | D:3      | Found a faded altar of an unknown god.
  3602 | D:3      | Prayed at the altar of an unknown god.
  3602 | D:3      | Became a worshipper of Ru the Awakened
  4298 | D:4      | Found a staircase to the Ecumenical Temple.
  4316 | D:4      | Found a sand-covered staircase.
  4321 | Ossuary  | Entered an ossuary
  4321 | Ossuary  | Noticed a wraith
  4321 | Ossuary  | Noticed a wraith
  4321 | Ossuary  | Noticed a wraith
  4357 | Ossuary  | Reached skill level 1 in Ice Magic
  4392 | Ossuary  | Noticed a wraith
  4433 | Ossuary  | Killed a wraith
  4434 | Ossuary  | Reached XP level 6. HP: 42/47 MP: 10/10
  4688 | Ossuary  | Gained mutation: You are somewhat resistant to further
                  | mutation. [potion of mutation]
  4828 | Temple   | Entered the Ecumenical Temple
  4870 | Temple   | Fell from the grace of Ru
  4870 | Temple   | Became a worshipper of Makhleb the Destroyer
  4944 | D:4      | Gained mutation: You have an unusually large brain. (Int
                  | +2) [demonic ancestry]
  4944 | D:4      | Reached XP level 7. HP: 37/52 MP: 11/11
  4981 | D:4      | Slain by an orc wizard

Illustrated notes

Levels and vault maps discovered:
D:1:      nicolae_arrival_kraken_aquarium_b, layout_loops_ring, serial_forest,
          infiniplex_forest_zigzag_1, infiniplex_forest_diagonal,
          infiniplex_forest_zigzag_2, infiniplex_forest_lined_corner,
          infiniplex_forest_lined_room_2, infiniplex_forest_zigzag_1,
          infiniplex_forest_straight_4, infiniplex_forest_lined_corner,
          infiniplex_forest_lined_2
D:2:      layout_basic
D:3:      layout_loops_ring, gammafunk_temple_overflow_claw,
          shapermc_ecumenical_altar_gd
D:4:      cheibrodos_thug_alley, layout_cave_pods, temple_pool_b,
          enter_ossuary_5
Temple:   dpeg_five_rooms_temple

Skill      XL: |  1  2  3  4  5 |
---------------+----------------+-----
Transmutations | 2 3 |  3.7
Fighting       | 2 3 |  3.4
Stealth        | 1 2 |  2.5
Unarmed Combat | 3 |  3.7
Ice Magic      | 1 |  1.6
Spellcasting   | 3 |  3.2
Dodging        | |  1.7

Action                   |  1- 3 |  4- 6 |  7- 9 || total
-------------------------+-------+-------+-------++-------
Melee: Unarmed           |    69 |   173 |    18 ||   260
       Kick              |    15 |    58 |     5 ||    78
       Headbutt          |     4 |    29 |     1 ||    34
       Punch             |       |     5 |       ||     5
 Cast: Beastly Appendage |    23 |    37 |     1 ||    61
  Use: Scroll            |     3 |     3 |     1 ||     7
       Potion            |     1 |     8 |     3 ||    12
 Stab: Paralysed         |       |     8 |     1 ||     9
       Sleeping          |       |     4 |     1 ||     5
Armor: Robe              |     4 |    22 |     4 ||    30
       Skin              |       |     1 |       ||     1
Dodge: Dodged            |    42 |    86 |    21 ||   149

Table legend: (Time is in decaauts)
 A = Elapsed time spent in this place.
 B = Non-inter-level travel time spent in this place.
 C = Inter-level travel time spent in this place.
 D = Time resting spent in this place.
 E = Time spent auto-exploring this place.
 F = Levels seen in this place.
 G = Mean time per level.
                   A        B        C        D        E       F      G
               +--------+--------+--------+--------+--------+-----+--------+
         Total |   5005 |   4814 |    191 |    309 |   3760 |   6 |  834.2 |
       Dungeon |   4526 |   4366 |    160 |    309 |   3489 |   4 | 1131.5 |
        Temple |     75 |     44 |     31 |      0 |     34 |   1 |   75.0 |
       Ossuary |    403 |    403 |      0 |      0 |    237 |   1 |  403.0 |
               +--------+--------+--------+--------+--------+-----+--------+

Top non-repeatable levels by time:
     D:3: 1803 daAuts
     D:2: 1220 daAuts
     D:1: 1187 daAuts
 Ossuary: 403 daAuts
     D:4: 315 daAuts
  Temple: 75 daAuts
